 Dungeon Crawl Stone Soup version 0.28-a0-1429-gf3d713df7a (webtiles) character file.

Game seed: 5722884584672943811

52 bande the Covered (level 3, 0/24 HPs)
             Began as a Gargoyle Fighter on Jan 9, 2022.
             Slain by an orc wizard (2 damage)
             ... on level 2 of the Dungeon.
             The game lasted 00:03:32 (1317 turns).

bande the Covered (Gargoyle Fighter)                Turns: 1317, Time: 00:03:32

Health: 0/24       AC: 11    Str: 19    XL:     3   Next: 85%
Magic:  3/3        EV:  9    Int:  8    God:
Gold:   84         SH:  0    Dex: 11    Spells: 2/2 levels left

rFire   . . .      SeeInvis .   a - +0 war axe
rCold   . . .      Faith    .   c - +0 buckler
rNeg    + . .      Spirit   .   b - +0 scale mail
rPois   ∞          Reflect  .   f - +0 helmet
rElec   +          Harm     .   (no cloak)
rCorr   .          Rampage  .   (no gloves)
Will    .....                   (no boots)
Stlth   ..........              (no amulet)
HPRegen 0.08/turn               (no ring)
MPRegen 0.08/turn               (no ring)

@: confused, mighty, brilliant
A: sickness immunity, AC +3, negative energy resistance 1, electricity
resistance, torment resistance 1, petrification resistance
a: no special abilities


You were on level 2 of the Dungeon.
You visited 1 branch of the dungeon, and saw 2 of its levels.

You collected 84 gold pieces.

Inventory:

Hand Weapons
 a - a +0 war axe (weapon)
 i - a +0 flail
Armour
 b - a +0 scale mail (worn)
 c - a +0 buckler (worn)
 f - a +0 helmet (worn)
Jewellery
 h - a ring of flight


   Skills:
 + Level 3.7 Fighting
 + Level 2.6 Axes
 + Level 3.7 Armour
 + Level 3.6 Shields


You had 2 spell levels left.
You didn't know any spells.
Your spell library was empty.

Dungeon Overview and Level Annotations

Branches:
Dungeon (2/15)

Altars:

Shops:
D:2 =[(:


Innate Abilities, Weirdness & Mutations

You are immune to sickness and miasma.
Your stone body is resilient. (AC +3)
You are immune to poison.
You resist negative energy. (rN+)
You are resistant to electric shocks. (rElec)
You are resistant to unholy torment.
You are immune to petrification.


Message History

The orc wizard hits you but does no damage.
Something hits you.
You miss the orc wizard.
The orc wizard is heavily wounded.
You miss something.
The orc wizard gestures at you while chanting.
You are more confused.
Something hits you. The orc wizard casts a spell at you.
You resist with significant effort.
You miss the orc wizard.
The orc wizard is heavily wounded.
You miss something. Something hits you but does no damage.
The orc wizard hits you but does no damage.
You hit the orc wizard but do no damage.
The orc wizard is heavily wounded.
You barely miss something. Something hits you.
The orc wizard gestures at you while chanting.
The magic dart hits you.
* * * LOW HITPOINT WARNING * * *
Something hits you.
* * * LOW HITPOINT WARNING * * *
You completely miss something. You miss the orc wizard.
The orc wizard hits you but does no damage.
Something hits you but does no damage.
The orc wizard hits you but does no damage.
You feel very mighty all of a sudden. Something hits you but does no damage.
The orc wizard closely misses you.
An orc wizard appears from thin air!
Reactivating autopickup.
The orc wizard completely misses you. The orc wizard closely misses you.
You hit the orc wizard.
The orc wizard is severely wounded.
You closely miss the orc wizard.
The orc wizard hits you but does no damage.
The orc wizard mumbles some strange words.
The orc wizard flickers and vanishes!
Deactivating autopickup; reactivate with Ctrl-A.
The orc wizard hits you with a +0 dagger.
You die...

#### #.# #.#.#.#.#####.#..#
...#######.# #.....#.#####.##.#
...#.......# #.....#........#..
...#∩####### #.....#∩......##..
...#.# ######..†..#.......##..
...#.######......#'#.#.......##..
...#.#....'......#.#.+...........
...#.#.####......#.###.......###.
.....#.#..<....{@#.#.....#.....#.
######.#.#.....o.#.#.###.#.###.#.
#####'#.#....#.##.#)#<#.#,.,,,#.
#............#.##.....#.#,..,,+.
#........#####.##.....#.#,,..,#.
#........'.....##.....#.#,,...##
#........########.....#.#,,,,,,,
#........########.#####,*,*,****
#........#......#..,,,,,*,*,*


You could see an orc wizard.

Vanquished Creatures
  An adder (D:2)
  2 worms (D:2)
  2 orcs (D:1)
  2 endoplasms
  3 giant cockroaches (D:1)
  2 hobgoblins (D:1)
  3 kobolds
  3 quokkas
  3 ball pythons (D:2)
  4 bats
  4 frilled lizards
  4 goblins
  3 rats
36 creatures vanquished.

Notes
Turn   | Place    | Note
-------+----------+-------------------------------------------
     0 | D:1      | bande the Gargoyle Fighter began the quest for the Orb.
     0 | D:1      | Reached XP level 1. HP: 14/14 MP: 1/1
   175 | D:1      | Reached XP level 2. HP: 19/19 MP: 2/2
   438 | D:1      | Found a faded altar of an unknown god.
   483 | D:2      | Found Ruoxikee's Antique Armour Shop.
   575 | D:2      | Found Uchafux's Jewellery Boutique.
   647 | D:2      | Reached XP level 3. HP: 23/23 MP: 3/3
   682 | D:2      | Found Ranosum's Weapon Shoppe.
  1117 | D:2      | Found Rasynun's Book Emporium.
  1313 | D:2      | HP: 1/24 [something (2)]
  1317 | D:2      | Slain by an orc wizard

Illustrated notes

Levels and vault maps discovered:
D:1:      dpeg_arrival_more_subterranean_lakeside_camping, layout_rooms,
          dilly_ecumenical_altar_fadedgnrine
D:2:      layout_basic, serial_shops, shop, nicolae_shop_crystal, shop, shop,
          uniq_crazy_yiuf_cottage

Skill      XL: |  1 |
---------------+----+-----
Axes           | 2 |  2.6
Fighting       | |  3.7
Armour         | |  3.7
Shields        | |  3.6

Action                   || total
-------------------------++-------
Melee: War axe           ||   124
  Use: Potion            ||     3
       Scroll            ||     2
Armor: Scale mail        ||   105
Dodge: Dodged            ||    81
Block: Buckler           ||    32

Table legend: (Time is in decaauts)
 A = Elapsed time spent in this place.
 B = Non-inter-level travel time spent in this place.
 C = Inter-level travel time spent in this place.
 D = Time resting spent in this place.
 E = Time spent auto-exploring this place.
 F = Levels seen in this place.
 G = Mean time per level.
                   A        B        C        D        E       F      G
               +--------+--------+--------+--------+--------+-----+--------+
         Total |   1373 |   1373 |      0 |     68 |    925 |   2 |  686.5 |
       Dungeon |   1373 |   1373 |      0 |     68 |    925 |   2 |  686.5 |
               +--------+--------+--------+--------+--------+-----+--------+

Top non-repeatable levels by time:
     D:2: 785 daAuts
     D:1: 588 daAuts
